 Dungeon Crawl Stone Soup version 0.30.1-4-g462c640d31 (webtiles) character file.

Game seed: 10614169224636833543

126 booth the Chopper (level 4, -1/35 HPs)
             Began as a Demonspawn Gladiator on Aug 20, 2023.
             Was an Initiate of Ashenzari.
             Slain by Sigmund
             ... wielding a +0 scythe
              (10 damage)
             ... on level 3 of the Dungeon.
             The game lasted 00:13:17 (1960 turns).

booth the Chopper (Demonspawn Gladiator)            Turns: 1960, Time: 00:13:18

Health: -1/35      AC:  6    Str: 17    XL:     4   Next: 84%
Magic:  4/4        EV: 12    Int:  9    God:    Ashenzari [......]
Gold:   136        SH:  0    Dex: 14    Spells: 3/3 levels left

rFire   + . .        r - +1 war axe (elec)
rCold   . . .        (no shield)
rNeg    . . .        h - +2 leather armour {rF+}
rPois   .            c - +0 helmet
rElec   .            (no cloak)
rCorr   .            (no gloves)
SInv    .            (no boots)
Will    .....        (no amulet)
Stlth   +            (no ring)
HPRegen 0.25/turn    (no ring)
MPRegen 0.09/turn

%: no passive effects
@: no status effects
A: hooves 1, foul stench 1
a: Renounce Religion


You were on level 3 of the Dungeon.
You worshipped Ashenzari.
Ashenzari was noncommittal.
You visited 1 branch of the dungeon, and saw 3 of its levels.

You collected 136 gold pieces.

Inventory:

Hand Weapons
 r - a +1 war axe of electrocution (weapon)
Missiles
 d - 3 throwing nets (quivered)
 j - 5 boomerangs
Armour
 c - a +0 helmet (worn)
 h - a +2 leather armour of fire resistance (worn)
Jewellery
 o - a ring of protection from fire
Wands
 p - a wand of roots (10)
Scrolls
 a - 2 scrolls of teleportation
 g - a scroll of magic mapping {unknown}
Potions
 b - a potion of heal wounds
 f - 2 potions of curing
 i - a potion of mutation {unknown}
 l - a potion of berserk rage {unknown}
 m - a potion of lignification
 s - a potion of flight


   Skills:
 + Level 3.0 Fighting
 + Level 3.4 Axes
 + Level 2.7 Throwing
 + Level 3.4 Dodging


You had 3 spell levels left.
You didn't know any spells.
Your spell library contained the following spells:

 Spells                   Type           Power      Damage    Failure   Level
 Dazzling Flash           Conj/Hex       0%         N/A       83%         3
 Gell's Gravitas          Tloc           0%         N/A       83%         3
 Teleport Other           Tloc           0%         N/A       83%         3
 Agony                    Necr           0%         N/A       100%        5
 Silence                  Hex/Air        0%         N/A       100%        5
 Dispersal                Tloc           0%         N/A       100%        6


Dungeon Overview and Level Annotations

Branches:
Dungeon (3/15)

Altars:
Ashenzari

Shops:
D:3 *

Annotations:
D:3 Sigmund


Innate Abilities, Weirdness & Mutations

You have large cloven feet.
You may rarely emit foul miasma when damaged in melee.


Message History

Sigmund is moderately wounded.
Sigmund whispers, "You'll know eternity soon."
Sigmund mumbles some strange words.
Sigmund flickers and vanishes!
Deactivating autopickup; reactivate with Ctrl-A.
Throw: 5 boomerangs
Press: ? - help, Q - select action, (/) - cycle Shift-Dir - straight line You throw a boomerang.
You hear a zap.
The roots erupt in riotous growth!
The grasping roots grab you!
You are constricted.
The roots grasp on you weakens, but your attempt to escape fails.
You hear some strange, mumbled words.
A puff of flame appears from out of thin air!
The puff of flame hits you. You resist.
You are constricted.
You escape the roots grasp.
Something hits you.
You closely miss something. Your kick misses something.
You hear some strange, mumbled words.
Something tries to affect you, but you resist.
You miss something. Your kick misses something. Something hits you.
You hit something but do no damage. Lightning courses through something!
Your kick misses something. Something hits you.
* * * LOW HITPOINT WARNING * * *
You miss something.
You hear some strange, mumbled words.
Something tries to affect you, but you resist.
You closely miss something. Something hits you.
* * * LOW HITPOINT WARNING * * *
You hit something. Something barely misses you.
You closely miss something. You kick something.
Something hits you but does no damage.
You miss something. Your kick misses something.
You hear some strange, mumbled words.
Something tries to affect you, but you resist.
You closely miss something. You kick something.
Something hits you but does no damage.
You hit something but do no damage. Your kick misses something.
Something hits you!
You die...

.......#...∩......###...........~
.......#..........# #...........⌠
.......#..........+...########..⌠
'##....#..........##### #......⌠
..'....+...........# ##......⌠
###....#...........##............
#....#......?....##...........#
#....#...........##............
#....#..(....{@...#............
#....# ......####.#............
###....# ##### #.##'# ###..
#......# #####....# #.. #......#
###........### #.. #......#
#.......##...### #.. #.....##
#.......####...# #.. ......#
#.......# ###.####.# ......#
#.......## #........#


There were no monsters in sight!

Vanquished Creatures
  Terence (D:3)
  2 adders (D:2)
  A worm (D:2)
  A dart slug (D:2)
  6 orcs (D:3)
  3 ball pythons
  6 endoplasms
  A giant cockroach (D:1)
  9 goblins
  7 hobgoblins
  3 jackals (D:3)
  2 quokkas (D:1)
  10 bats
  2 frilled lizards (D:1)
  7 kobolds
  5 rats (D:1)
66 creatures vanquished.

Notes
Turn   | Place    | Note
-------+----------+-------------------------------------------
     0 | D:1      | booth the Demonspawn Gladiator began the quest for the Orb.
     0 | D:1      | Reached XP level 1. HP: 16/16 MP: 1/1
   177 | D:1      | Discovered your monstrous ancestry.
   177 | D:1      | Gained mutation: You have large cloven feet. [demonic
                  | ancestry]
   177 | D:1      | Reached XP level 2. HP: 22/22 MP: 2/2
   792 | D:1      | Reached XP level 3. HP: 28/28 MP: 3/3
   876 | D:2      | Found a broken altar of Ashenzari.
  1189 | D:2      | Gained mutation: You may rarely emit foul miasma when
                  | damaged in melee. [demonic ancestry]
  1189 | D:2      | Reached XP level 4. HP: 23/34 MP: 4/4
  1353 | D:2      | Became a worshipper of Ashenzari the Shackled
  1419 | D:3      | Noticed Terence
  1559 | D:3      | Killed Terence
  1781 | D:3      | Found Ydghirr's General Store.
  1793 | D:3      | Noticed Sigmund
  1873 | D:3      | Found a faded altar of an unknown god.
  1960 | D:3      | Slain by Sigmund

Illustrated notes

Levels and vault maps discovered:
D:1:      nicolae_arrival_memento_mori, layout_loops_cross
D:2:      layout_rooms, basic_altar, grunt_decor_fettered
D:3:      layout_basic, mainiacjoe_overflow_boulevard, serial_shops, shop,
          shapermc_ecumenical_altar_acropolis, uniq_sigmund, uniq_terence,
          uniq_grinder

Skill      XL: |  1  2  3  4 |
---------------+-------------+-----
Throwing       | 2 |  2.7
Axes           | 3 |  3.4
Dodging        | 3 |  3.4
Fighting       | 3 |  3.0

Action                     |  1- 3 |  4- 6 || total
---------------------------+-------+-------++-------
  Melee: War axe           |   105 |    65 ||   170
         Kick              |    18 |    10 ||    28
         Punch             |     1 |       ||     1
  Throw: Boomerang         |       |     2 ||     2
         Javelin           |       |     1 ||     1
    Use: Scroll            |       |     7 ||     7
         Potion            |       |     3 ||     3
 Armour: Leather armour    |    35 |    31 ||    66
  Dodge: Dodged            |    67 |    32 ||    99
